 Dungeon Crawl Stone Soup version 0.32-a0-7-ge934b4519a (webtiles) character file.

Game seed: 2552233453499905324

86 timneilson the Ruffian (level 4, -2/29 HPs)
             Began as an Octopode Shapeshifter on Jan 13, 2024.
             Incinerated by a bombardier beetle (4 damage)
             ... with a burning spray
             ... on level 3 of the Dungeon.
             The game lasted 00:03:30 (1461 turns).

timneilson the Ruffian (Octopode Shapeshifter)      Turns: 1461, Time: 00:03:31

Health: -2/29      AC:  1    Str: 15    XL:     4   Next: 50%
Magic:  4/4        EV: 13    Int: 12    God:
Gold:   179        SH:  0    Dex: 11    Spells: 3/3 levels left

rFire   . .          .
                       - Unarmed
rCold   . . .        (no shield)
rNeg    . . .        (helmet currently unavailable)
rPois   .            (no amulet)
rElec   .            (no ring)
rCorr   .            (no ring)
SInv    .            (no ring)
Will    .....        (no ring)
Stlth   +            (no ring)
HPRegen 0.24/turn    (no ring)
MPRegen 0.09/turn    (no ring)
                     (no ring)

%: no passive effects
@: on fire, beast-form, glowing
A: beast (slay +1), almost no armour, amphibious, 8 rings, camouflage 1,
gelatinous body 1, (nimble swimmer 1), tentacles
a: Begin Untransformation


You were on level 3 of the Dungeon.
You were a hulking beast.
You visited 1 branch of the dungeon, and saw 3 of its levels.

You collected 179 gold pieces.

Inventory:

Talismans
 b - a beast talisman
 c - a flux talisman
Scrolls
 h - a scroll of blinking
Potions
 a - a potion of lignification
 d - a potion of mutation {unknown}
 e - a potion of curing
 f - a potion of berserk rage {unknown}
 g - 2 potions of invisibility {unknown}
 i - a potion of heal wounds {unknown}


   Skills:
 * Level 1.9 Fighting
 * Level 2.8 Dodging
 + Level 2.0 Stealth
 * Level 3.4 Unarmed Combat
 * Level 3.4 Shapeshifting


You had 3 spell levels left.
You didn't know any spells.
Your spell library was empty.

Dungeon Overview and Level Annotations

Branches:
Dungeon (3/15)

Altars:
Dithmenos


Innate Abilities, Weirdness & Mutations

You are a hulking beast.
Your limbs bulge with bestial killing power. (Slay +1)
You cannot wear most types of armour.
You are amphibious.
You can wear up to eight rings at the same time.
Your skin changes colour to match your surroundings (Stealth+).
Your rubbery body absorbs attacks. (AC +1, EV +1)
((You are camouflaged when in or above water. (Stealth+)))
You have tentacles for arms and can constrict up to eight enemies at once.


Message History

You constrict the giant cockroach, but do no damage.
The giant cockroach bites you.
You tentacle-slap the giant cockroach.
You kill the giant cockroach!
You see here a giant cockroach corpse.
A kobold comes into view. It is wielding a +0 club.
The kobold throws a stone.
The stone barely misses you.
A bombardier beetle comes into view.
Found a shadowy altar of Dithmenos.
The kobold throws a stone.
The stone hits you.
An endoplasm comes into view.
The kobold throws a stone.
The stone barely misses you. The kobold hits you with a +0 club.
The bombardier beetle sprays incendiary fluid at you.
The burning spray hits you.
You are covered in liquid fire!
You barely miss the kobold. You grab the kobold. The liquid fire burns you!
You constrict the kobold, but do no damage.
The kobold hits you with a +0 club.
You tentacle-slap the kobold.
You kill the kobold!
The liquid fire burns you!
You shake off some of the fire as you move.
The liquid fire burns you!
You tentacle-slap the bombardier beetle.
You grab the bombardier beetle.
The bombardier beetle is moderately wounded.
The liquid fire burns you!
You constrict the bombardier beetle. The bombardier beetle bites you.
You tentacle-slap the bombardier beetle.
The bombardier beetle is severely wounded.
The liquid fire burns you!
* * * LOW HITPOINT WARNING * * *
You constrict the bombardier beetle. The bombardier beetle bites you.
* * * LOW HITPOINT WARNING * * *
You bludgeon the bombardier beetle!
You kill the bombardier beetle!
The liquid fire burns you!
You die...

#.......#
.....##.##.#
.♣♣.♣♣...##.##.#
..♣.♣..♣..#.##.#
♣J....♣♣..#.# .#
.._.. ...#.##.##
....♣♣..#.#...##
♣..♣..#......#
.♣♣.♣♣..h.#.[..#..#
......$.....†.##
...........†...#
.#.#.##.###.)†...#
# # #.# #..........
#......#..#####
#..##.##..# #.. #.#
...# ...##.. #..#


You could see an endoplasm (asleep).

Vanquished Creatures
  A bombardier beetle (D:3)
  2 adders
  2 dart slugs (D:3)
  3 endoplasms
  5 giant cockroaches
  7 hobgoblins
  4 jackals
  2 quokkas
  8 ball pythons
  3 bats
  4 frilled lizards
  8 goblins
  5 kobolds
  8 rats
62 creatures vanquished.

Notes
Turn   | Place    | Note
-------+----------+-------------------------------------------
     0 | D:1      | timneilson the Octopode Shapeshifter began the quest for
                  | the Orb.
     0 | D:1      | Reached XP level 1. HP: 13/13 MP: 1/1
    88 | D:1      | Reached XP level 2. HP: 18/18 MP: 2/2
   423 | D:1      | Reached skill level 1 in Stealth
   618 | D:1      | Reached XP level 3. HP: 23/23 MP: 3/3
  1205 | D:2      | Reached XP level 4. HP: 28/29 MP: 4/4
  1341 | D:3      | Found a faded altar of an unknown god.
  1452 | D:3      | Found a shadowy altar of Dithmenos.
  1461 | D:3      | Incinerated by a bombardier beetle

Illustrated notes

Levels and vault maps discovered:
D:1:      dpeg_arrival_long_road, layout_basic
D:2:      layout_rooms, minmay_door_square
D:3:      layout_loops_ring, mainiacjoe_overflow_small_starburst,
          hellmonk_ecumenical_altar_run_dry, uniq_ijyb

Skill      XL: |  1  2  3  4 |
---------------+-------------+-----
Stealth        | 1 2 |  2.0
Fighting       | |  1.9
Dodging        | |  2.8
Unarmed Combat | |  3.4
Shapeshifting  | |  3.4

Action                     |  1- 3 |  4- 6 || total
---------------------------+-------+-------++-------
  Melee: Unarmed           |    73 |    27 ||   100
         Constrict         |    23 |    13 ||    36
         Tentacles         |    15 |     5 ||    20
         Punch             |       |     1 ||     1
    Use: Scroll            |     4 |     2 ||     6
   Stab: Sleeping          |     5 |     1 ||     6
 Armour: Skin              |    23 |    13 ||    36
  Dodge: Dodged            |    39 |    15 ||    54

Table legend: (Time is in decaauts)
 A = Elapsed time spent in this place.
 B = Non-inter-level travel time spent in this place.
 C = Inter-level travel time spent in this place.
 D = Time resting spent in this place.
 E = Time spent auto-exploring this place.
 F = Levels seen in this place.
 G = Mean time per level.
                   A        B        C        D        E       F      G
               +--------+--------+--------+--------+--------+-----+--------+
         Total |   1454 |   1422 |     32 |      0 |   1039 |   3 |  484.7 |
       Dungeon |   1454 |   1422 |     32 |      0 |   1039 |   3 |  484.7 |
               +--------+--------+--------+--------+--------+-----+--------+

Top non-repeatable levels by time:
     D:1: 773 daAuts
     D:2: 559 daAuts
     D:3: 120 daAuts
